 Dungeon Crawl Stone Soup version 0.17-a0-2215-g49c1de0 (webtiles) character file.

12471 tp1 the Thaumaturge (level 11, -9/57 HPs)
             Began as a Deep Elf Conjurer on Oct 27, 2015.
             Was an Elder of Vehumet.
             Killed from afar by a tengu conjurer (25 damage)
             ... with a bolt of lightning
             ... on level 12 of the Dungeon.
             The game lasted 01:37:55 (16324 turns).

tp1 the Thaumaturge (Deep Elf Conjurer)            Turns: 16324, Time: 01:37:55

Health: -9/57      AC: 15    Str:  6    XL:     11   Next: 62%
Magic:  41/45      EV: 19    Int: 23    God:    Vehumet [****..]
Gold:   768        SH:  0    Dex: 14    Spells: 7 memorised, 17 levels left

rFire  . . .     SeeInvis .     Y - staff of power
rCold  + . .     Clarity  .     C - +2 leather armour {MR+}
rNeg   . . .     SustAt   .     (no shield)
rPois  .         Gourm    .     z - +1 helmet
rElec  .         Spirit   .     (no cloak)
rCorr  .         Warding  .     E - +2 pair of gloves
rMut   .         Stasis   .     v - +0 pair of boots
MR     ++...                    (no amulet)
Stlth  +++.......               B - +5 ring of evasion
                                e - ring of wizardry

@: very resistant to hostile enchantments, fairly stealthy
A: rough black scales 1, cold resistance 1, MP-powered wands
a: Renounce Religion


You were on level 12 of the Dungeon.
You worshipped Vehumet.
Vehumet was greatly pleased with you.
You were hungry.

You visited 1 branch of the dungeon, and saw 12 of its levels.

You collected 768 gold pieces.

Inventory:

Hand Weapons
 k - a +1 short sword of venom
 n - a +2 short sword of speed
 r - a +1 short sword of freezing
 A - a +0 giant club
 K - a +2 short sword of holy wrath
Armour
 a - a +0 hat
 v - a +0 pair of boots (worn)
 z - a +1 helmet (worn)
 C - a +2 leather armour of magic resistance (worn)
 E - a +2 pair of gloves (worn)
 F - the +2 ring mail of Follow the Leader {rPois}
   (You found it on level 7 of the Dungeon)

   It protects you from poison.
Magical Staves
 U - an uncursed staff of power
 Y - an uncursed staff of power (weapon)
Jewellery
 e - a ring of wizardry (left hand)
 B - a +5 ring of evasion (right hand)
 J - an uncursed amulet of warding {unknown}
 W - an uncursed amulet of the gourmand {unknown}
Wands
 l - a wand of frost (11)
 y - a wand of slowing (48)
 R - a wand of slowing (19)
Scrolls
 g - a scroll of enchant armour
 j - 3 scrolls of remove curse
 o - 4 scrolls of teleportation
 p - 2 scrolls of recharging
 t - 2 scrolls of noise {unknown}
 u - 5 scrolls of amnesia {unknown}
 x - a scroll of magic mapping {unknown}
 D - a scroll of fog {unknown}
 G - 3 scrolls of identify
 M - a scroll of fear {unknown}
 S - a scroll of immolation {unknown}
 T - a scroll of enchant weapon {unknown}
Potions
 f - a potion of cure mutation
 i - 2 potions of degeneration
 q - 2 potions of poison
 s - a potion of flight
 N - a potion of brilliance {unknown}
 O - a potion of berserk rage {unknown}
 P - a potion of resistance {unknown}
 V - 2 potions of invisibility {unknown}
 X - 2 potions of lignification {unknown}
Books
 b - a book of Conjurations

   Spells                             Type                      Level
   a - Magic Dart                     Conjuration                  1
   b - Searing Ray                    Conjuration                  2
   c - Dazzling Spray                 Conjuration/Hexes            3
   d - Fulminant Prism                Conjuration/Hexes            4
   e - Iskenderun's Mystic Blast      Conjuration                  4
   f - Iskenderun's Battlesphere      Conjuration/Charms           5
 I - a book of Beasts

   Spells                             Type                      Level
   a - Summon Butterflies             Summoning                    1
   b - Call Canine Familiar           Summoning                    3
   c - Summon Ice Beast               Ice/Summoning                4
   d - Summon Mana Viper              Hexes/Summoning              5
   e - Summon Hydra                   Summoning                    7
 L - a book of Spatial Translocations

   Spells                             Type                      Level
   a - Apportation                    Translocation                1
   b - Blink                          Translocation                2
   c - Shroud of Golubria             Charms/Translocation         2
   d - Portal Projectile              Translocation                3
   e - Teleport Other                 Translocation                3
   f - Passage of Golubria            Translocation                4
 Q - a book of Debilitation

   Spells                             Type                      Level
   a - Corona                         Hexes                        1
   b - Slow                           Hexes                        2
   c - Gell's Gravitas                Hexes/Translocation          3
   d - Inner Flame                    Hexes/Fire                   3
   e - Cause Fear                     Hexes                        4
   f - Leda's Liquefaction            Hexes/Earth                  4
Comestibles
 c - 2 bread rations
 d - 2 slices of pizza
 h - 4 beef jerkies
 m - 2 royal jellies
 w - 5 meat rations
 H - 12 fruits


   Skills:
 - Level 2.2 Fighting
 - Level 2.0 Armour
 - Level 6.0 Dodging
 - Level 5.2 Stealth
 - Level 13.0 Spellcasting
 - Level 10.0 Conjurations
 - Level 8.1 Charms
 - Level 10.0 Fire Magic
 + Level 4.0 Ice Magic


You had 17 spell levels left.
You knew the following spells:

 Your Spells              Type           Power        Failure   Level  Hunger
a - Magic Dart            Conj           ####         1%          1    None
b - Searing Ray           Conj           ######       1%          2    None
c - Dazzling Spray        Conj/Hex       #####...     1%          3    None
d - Iskenderun's Battles  Conj/Chrm      ######..     1%          5    ###....
e - Flame Tongue          Conj/Fire      #####        1%          1    None
f - Conjure Flame         Conj/Fire      ######..     1%          3    None
g - Throw Icicle          Conj/Ice       #####...     1%          4    None


Dungeon Overview and Level Annotations

Branches:
Dungeon (12/15)            Temple (0/1) D:7            Lair (0/8) D:8
    Orc (0/4) D:9

Altars:
Dithmenos
Elyvilon
Kikubaaqudgha
Nemelex Xobeh
Okawaru
Sif Muna
Vehumet
Zin

Shops:
D:12 *


Innate Abilities, Weirdness & Mutations

You are partially covered in rough black scales (AC +4, Dex -1).
Your flesh is cold resistant.
You expend magic power (3 MP) to strengthen your wands.


Message History

Unknown command.
W - a dented bone amulet
Casting: Throw Icicle
Confirm with . or Enter, or press ? or * to list all spells.
Aiming: Throw Icicle
Press: ? - help, Shift-Dir - straight line, f - tengu conjurer
Aim: a tengu conjurer The shard of ice hits the tengu conjurer.
The tengu conjurer is moderately wounded.
The tengu conjurer gestures at you while chanting.
The bolt of lightning hits you! The bolt of lightning misses you.
Casting: Throw Icicle
Confirm with . or Enter, or press ? or * to list all spells.
You don't know that spell.
Unknown command.
The tengu conjurer casts a spell at you.
The bolt of lightning hits you!
* * * LOW HITPOINT WARNING * * *
The bolt of lightning hits you!
You die...

#..... #####.######
##..#..##..........#
#.......#.###.#.##.#
$.#ยงยงยง#.......#.##.##
..........##..#......
.#..#..#Q....<..##
.....##.###..).#
#..#.##.# ##......
#.....@.# ##...###
####.#### ...# # ...#
...# ...#


You could see a tengu conjurer.

Vanquished Creatures
  A hydra (D:9)
  Erica (D:8)
  The ghost of Ijustatesigmund the Covert, a journeyman OpWz of Cheibriados (D:10)
  The ghost of Alipheese the Spear-Bearer, a novice NaFi (D:6)
  A wolf spider zombie (D:12)
  The ghost of emiel the Magician, a novice MfVM of Cheibriados (D:7)
  Psyche (D:8)
  A gargoyle (D:8)
  A wraith (D:8)
  3 yaks
  A deep elf mage (D:11)
  A hungry ghost (D:8)
  Grum (D:8)
  2 wyverns (D:11)
  2 hippogriffs (D:7)
  Menkaure (D:6)
  A steam dragon (D:11)
  3 wolves (D:8)
  Duvessa (D:7)
  2 sky beasts
  8 orc warriors
  A wasp (D:11)
  2 black bears
  4 ice beasts
  3 big kobolds (D:9)
  7 ogres
  5 centaurs
  5 giant frogs
  13 killer bees
  A wyvern skeleton (D:4)
  Dowan (D:7)
  6 scorpions
  5 wights (D:9)
  3 jellies
  An electric eel (D:11)
  5 crimson imps
  A centaur zombie (D:6)
  A wasp zombie (D:9)
  A giant frog skeleton (D:11)
  6 hounds
  5 orc wizards
  4 quasits
  2 centaur skeletons
  8 orc priests
  6 iguanas
  Terence (D:2)
  A gnoll shaman (D:5)
  7 worker ants
  2 sheep (D:9)
  Robin (D:3)
  2 worker ant zombies
  17 adders
  6 gnolls (D:5)
  3 shadow imps
  An ooze (D:5)
  5 adder skeletons
  3 worms
  6 giant geckos
  38 orcs
  3 ball pythons
  13 bats
  8 giant cockroaches
  13 goblins
  10 hobgoblins
  11 jackals
  3 giant gecko skeletons
  7 giant newts
  A jackal skeleton (D:4)
  23 kobolds
  4 quokkas
  6 rats
326 creatures vanquished.

Notes
Turn   | Place    | Note
--------------------------------------------------------------
     0 | D:1      | tp1 the Deep Elf Conjurer began the quest for the Orb.
     0 | D:1      | Reached XP level 1. HP: 10/10 MP: 6/6
   173 | D:1      | Reached XP level 2. HP: 15/15 MP: 5/8
   181 | D:1      | Learned a level 2 spell: Searing Ray
  1080 | D:1      | Reached XP level 3. HP: 19/19 MP: 7/9
  1085 | D:1      | Learned a level 3 spell: Dazzling Spray
  1760 | D:2      | Reached skill level 5 in Conjurations
  2105 | D:2      | Noticed Terence
  2356 | D:2      | Killed Terence
  2356 | D:2      | Reached XP level 4. HP: 15/24 MP: 1/12
  2777 | D:2      | Reached skill level 5 in Spellcasting
  3645 | D:3      | Reached XP level 5. HP: 28/28 MP: 12/15
  3662 | D:3      | Reached skill level 6 in Spellcasting
  3670 | D:3      | Learned a level 5 spell: Iskenderun's Battlesphere
  3909 | D:3      | Reached skill level 1 in Charms
  4291 | D:3      | Noticed Robin
  4296 | D:3      | Killed Robin
  4940 | D:4      | Reached XP level 6. HP: 29/32 MP: 14/17
  5046 | D:4      | Reached skill level 1 in Armour
  5119 | D:4      | Found a shadowy altar of Dithmenos.
  5396 | D:4      | Found a deep blue altar of Sif Muna.
  5476 | D:4      | Noticed an ice beast
  5480 | D:4      | Killed an ice beast
  5598 | D:4      | Reached skill level 5 in Charms
  5716 | D:4      | Found a glowing silver altar of Zin.
  5825 | D:5      | Entered Level 5 of the Dungeon
  5831 | D:5      | Reached XP level 7. HP: 36/36 MP: 10/19
  6003 | D:5      | Found a radiant altar of Vehumet.
  6003 | D:5      | Found an ancient bone altar of Kikubaaqudgha.
  6007 | D:5      | Became a worshipper of Vehumet
  6080 | D:5      | Reached skill level 7 in Charms
  6255 | D:5      | Reached skill level 8 in Charms
  6587 | D:5      | Found a sparkling altar of Nemelex Xobeh.
  6597 | D:5      | Reached XP level 8. HP: 41/41 MP: 12/20
  7047 | D:5      | Found a sparkling altar of Nemelex Xobeh.
  7204 | D:5      | Found a radiant altar of Vehumet.
  7209 | D:5      | Found an ancient bone altar of Kikubaaqudgha.
  7768 | D:6      | Noticed Alipheese's ghost (novice NaFi)
  7923 | D:6      | Reached skill level 5 in Dodging
  7955 | D:6      | Reached * piety under Vehumet
  7955 | D:6      | Offered knowledge of Flame Tongue by Vehumet.
  7958 | D:6      | Learned a level 1 spell: Flame Tongue
  7993 | D:6      | Reached skill level 5 in Stealth
  8106 | D:6      | Killed Alipheese's ghost
  8106 | D:6      | Reached skill level 5 in Fire Magic
  8106 | D:6      | Reached XP level 9. HP: 45/45 MP: 1/23
  8267 | D:6      | Noticed Menkaure
  8273 | D:6      | Killed Menkaure
  8273 | D:6      | Reached skill level 9 in Spellcasting
  8329 | D:6      | Gained mutation: You expend magic power (3 MP) to strengthen your wands. [mutagenic meat]
  8458 | D:5      | Reached skill level 10 in Spellcasting
  9607 | D:7      | Noticed Dowan
  9609 | D:7      | Noticed Duvessa
  9609 | D:7      | Reached ** piety under Vehumet
  9611 | D:7      | Killed Dowan
  9612 | D:7      | Offered knowledge of Throw Flame by Vehumet.
  9621 | D:7      | Killed Duvessa
  9931 | D:7      | Noticed emiel's ghost (novice MfVM)
  9945 | D:7      | Killed emiel's ghost
  9945 | D:7      | Reached XP level 10. HP: 30/50 MP: 0/26
 10083 | D:7      | Got a translucent ring mail
 10094 | D:7      | Identified the +2 ring mail of Follow the Leader {rPois} (You found it on level 7 of the Dungeon)
 10398 | D:7      | Found a staircase to the Ecumenical Temple.
 10811 | D:7      | Found a staircase to the Ecumenical Temple.
 10850 | D:8      | Found a staircase to the Lair.
 10861 | D:8      | Reached skill level 1 in Fighting
 11056 | D:8      | Noticed Psyche
 11059 | D:8      | Killed Psyche
 11175 | D:8      | Gained mutation: You are partially covered in rough black scales (AC +4, Dex -1). [potion of mutation]
 11175 | D:8      | Gained mutation: Your flesh is cold resistant. [potion of mutation]
 11180 | D:8      | Reached skill level 11 in Spellcasting
 11373 | D:9      | Offered knowledge of Conjure Flame by Vehumet.
 11378 | D:9      | Learned a level 3 spell: Conjure Flame
 11607 | D:9      | Reached skill level 12 in Spellcasting
 11637 | D:9      | Noticed a three-headed hydra
 11642 | D:9      | Killed a three-headed hydra
 11794 | D:9      | Reached skill level 13 in Spellcasting
 11812 | D:9      | Reached *** piety under Vehumet
 11841 | D:9      | Found a staircase to the Orcish Mines.
 12089 | D:9      | Offered knowledge of Stone Arrow by Vehumet.
 12365 | D:9      | Found a white marble altar of Elyvilon.
 12618 | D:8      | Noticed Grum
 12653 | D:8      | Reached skill level 10 in Fire Magic
 12653 | D:8      | Reached XP level 11. HP: 57/57 MP: 21/30
 12662 | D:8      | Got a steaming battleaxe
 12663 | D:8      | Identified the cursed +0 battleaxe "Agazomia" {flame, rN+} (You found it on level 8 of the Dungeon)
 12967 | D:8      | Noticed Erica
 13083 | D:8      | Killed Erica
 13171 | D:8      | Reached **** piety under Vehumet
 13427 | D:8      | Found an iron altar of Okawaru.
 13536 | D:8      | Found an iron altar of Okawaru.
 13576 | D:8      | Found a staircase to the Lair.
 13604 | D:8      | Killed Grum
 13894 | D:10     | Entered Level 10 of the Dungeon
 14248 | D:10     | Noticed Ijustatesigmund's ghost (journeyman OpWz)
 14256 | D:10     | Killed Ijustatesigmund's ghost
 14256 | D:10     | Reached skill level 10 in Conjurations
 14535 | D:11     | Offered knowledge of Throw Icicle by Vehumet.
 14549 | D:11     | Learned a level 4 spell: Throw Icicle
 14941 | D:11     | Reached skill level 1 in Ice Magic
 16317 | D:12     | Found Sittigu's Demolitions Depot.
 16324 | D:12     | Killed from afar by a tengu conjurer

Vault maps used:
D:1:      ncdulo_halloftheorcs
D:2:      uniq_terence
D:3:      first_bread, uniq_robin
D:4:      nicolae_overflow_crystal_walls, lemuel_round_altar, zin_treasury
D:5:      gammafunk_temple_overflow_wave, st_stairs_8, nemelex_dance_club_becter
D:6:      st_stairs_10, uniq_menkaure
D:7:      minmay_temple_entry_statues, uniq_duvessa
D:8:      corexii_shack_village, kennysheep_mini_moat, dpeg_lair_monsters,
          uniq_erica, uniq_grum, uniq_psyche
D:9:      lemuel_flame_loot_2, kennysheep_mini, david_orc_2, hangedman_ranch,
          spider_trap
D:11:     fountainhead
D:12:     serial_shops, kennysheep_little_box, minmay_misc_feat_cross,
          nicolae_blasting_shop

Action                   |  1- 3 |  4- 6 |  7- 9 | 10-12 || total
-------------------------+-------+-------+-------+-------++-------
Melee: Short sword       |     7 |     1 |     8 |     2 ||    18
 Cast: Magic Dart        |    74 |   114 |   145 |   189 ||   522
       Searing Ray       |     4 |    18 |     3 |    24 ||    49
       Dazzling Spray    |       |     3 |       |     2 ||     5
       Iskenderun's Batt |       |     1 |    42 |    59 ||   102
       Conjure Flame     |       |       |       |     8 ||     8
       Throw Icicle      |       |       |       |    32 ||    32
  Use: Scroll            |       |     3 |     6 |     4 ||    13
       Potion            |       |       |     3 |     5 ||     8
  Eat: Chunk             |     3 |    12 |    16 |    18 ||    49
       Pizza             |       |       |     1 |     5 ||     6
       Meat ration       |       |       |     1 |       ||     1
       Beef jerky        |       |       |       |     1 ||     1
